 Dungeon Crawl Stone Soup version 0.18.1-48-g4cf74bf (webtiles) character file.

3332 CountDeLaPain the Blocker (level 9, 0/78 HPs)
             Began as a Minotaur Fighter on Aug 13, 2016.
             Was a Priest of Qazlal.
             Slain by an orc warrior
             ... wielding a +0 trident
              (13 damage)
             ... on level 7 of the Dungeon.
             The game lasted 00:22:53 (6891 turns).

CountDeLaPain the Blocker (Minotaur Fighter)        Turns: 6891, Time: 00:22:54

Health: 0/78       AC: 15    Str: 22    XL:     9   Next: 71%
Magic:  4/12       EV:  6    Int:  8    God:    Qazlal [***...]
Gold:   400        SH: 15    Dex:  9    Spells: 0 memorised, 8 levels left

rFire  . . .     SeeInvis .     D - +2 flail (crush)
rCold  . . .     Gourm    .     l - +0 plate armour
rNeg   . . .     Faith    .     c - +0 shield
rPois  +         Spirit   .     (helmet restricted)
rElec  .         Dismiss  .     G - +0 cloak
rCorr  .         Reflect  .     (no gloves)
SustAt .         Harm     .     (no boots)
MR     .....                    (no amulet)
Stlth  ..........               m - ring of poison resistance
                                B - ring of poison resistance

@: not resistant to hostile enchantments, extremely unstealthy
A: retaliatory headbutt, horns 2
a: Upheaval, Elemental Force, Renounce Religion


You were on level 7 of the Dungeon.
You worshipped Qazlal.
Qazlal was most pleased with you.
You were not hungry.

You visited 1 branch of the dungeon, and saw 7 of its levels.
You also visited: Sewer.

You collected 400 gold pieces.

Inventory:

Hand Weapons
 a - a +1 war axe
 D - a +2 flail of crushing (weapon)
 K - a +0 whip of flaming
Armour
 b - a +0 scale mail
 c - a +0 shield (worn)
 l - a +0 plate armour (worn)
 F - a +0 troll leather armour
 G - a +0 cloak (worn)
 L - the +3 leather armour of Calculation {MP+9 Stlth+, unknown}
   (You found it on level 7 of the Dungeon)

   It affects your magic capacity (+9).
   It makes you more stealthy.
Jewellery
 m - a ring of poison resistance (right hand)
 B - a ring of poison resistance (left hand)
Wands
 J - a wand of flame (30/48)
Scrolls
 e - a scroll of noise {unknown}
 g - 6 scrolls of identify
 n - a scroll of random uselessness {unknown}
 s - a scroll of fear
 v - 3 scrolls of remove curse {unknown}
 y - 2 scrolls of amnesia
 A - 3 scrolls of teleportation
 C - a scroll of fog
 E - a scroll of enchant armour {unknown}
Potions
 d - 2 potions of might
 h - a potion of mutation
 i - 2 potions of curing
 j - 2 potions of berserk rage
 k - 2 potions of brilliance {unknown}
 p - 2 potions of lignification
 q - 6 potions of heal wounds
 r - 4 potions of flight {unknown}
 t - a potion of resistance {unknown}
 x - 2 potions of degeneration {unknown}
 z - 2 potions of agility
 N - a potion of beneficial mutation {unknown}
Books
 w - a book of Enchantments

   Spells                             Type                      Level
   a - Cause Fear                     Hexes                        4
   b - Yara's Violent Unravelling     Hexes/Transmutation          5
   c - Silence                        Hexes/Air                    5
   d - Deflect Missiles               Charms/Air                   6
   e - Haste                          Charms                       6
   f - Discord                        Hexes                        8
 M - a book of Death

   Spells                             Type                      Level
   a - Corpse Rot                     Necromancy                   2
   b - Sublimation of Blood           Necromancy                   2
   c - Agony                          Necromancy                   5
   d - Dispel Undead                  Necromancy                   5
   e - Excruciating Wounds            Charms/Necromancy            5
   f - Bolt of Draining               Conjuration/Necromancy       5
Comestibles
 f - 4 bread rations
 o - 3 fruits
 u - 2 slices of pizza
 H - 2 meat rations
 I - a royal jelly
 O - 2 chunks of flesh


   Skills:
 + Level 6.6 Fighting
 + Level 5.1(5.7) Axes
 + Level 3.6(4.9) Maces & Flails
 + Level 8.1 Armour
 + Level 3.4 Dodging
 + Level 9.8 Shields
 * Level 6.0 Invocations


You had 8 spell levels left.
You didn't know any spells.

Dungeon Overview and Level Annotations

Branches:
Dungeon (7/15)             Temple (0/1) D:6

Altars:
Cheibriados
Dithmenos
Fedhas
Kikubaaqudgha
Okawaru
Pakellas
Qazlal
Ru
Xom
The Shining One


Innate Abilities, Weirdness & Mutations

You reflexively headbutt those who attack you in melee.
You have a pair of horns on your head.


Message History

Press: ? - help, Dir - move target cursor, f/p - orc warrior
Aim: an orc warrior, wielding a trident and wearing a chain mail (heavily wounded)
The ground shakes violently, spewing rubble!
The blast of rubble hits the orc warrior.
The orc warrior is almost dead.
You block the orc priest's attack. You block the orc warrior's attack.
You hit the orc priest.
You kill the orc priest!
Qazlal accepts your kill. You block the orc warrior's attack.
The orc warrior hits you but does no damage.
Things that are here:
a short sword; a leather armour; an orc corpse Your plate armour prevents you from hitting the orc warrior.
The orc warrior is almost dead.
You block the orc warrior's attack.
You closely miss the orc warrior.
The orc warrior is almost dead.
The orc warrior hits you with a trident!
You die...

........##.......'.........#
........##.......#########.#
........#................#.#
#####...#.##.§.##...#.##.#.#
#...#.##...#....#.##.#.#
####..p#p##...#..#.#.##)#.#
#.....>#.##...#..#.#....#.#
#......#.##...#o§#.######.#
##......#.##...#@)#........#
..........##...#..##########
#####.######...#..#
........#......#.(#
#####.#.#.####.#).#
......#.#....#.#..#
#######.#...##.#..#
#.#<.....#..#
#.#.######..######


You could see an orc warrior.

Vanquished Creatures
  Pikel (D:7)
  Duvessa (D:7)
  A hippogriff (D:7)
  A sky beast (D:6)
  A slave (D:6)
  An orc warrior (D:7)
  4 ogres
  3 centaurs
  2 giant frogs
  A wyvern zombie (D:6)
  2 big kobolds (Sewer)
  Dowan (D:7)
  2 scorpions
  A wight (D:6)
  A centaur zombie (D:7)
  3 crimson imps
  3 giant frog skeletons
  12 orc priests
  Crazy Yiuf (D:7)
  2 hounds
  9 orc wizards
  Ijyb (D:2)
  6 worker ants
  An iguana (D:6)
  A hound zombie (D:6)
  A hound skeleton (D:4)
  8 adders
  6 gnolls
  A shadow imp (D:6)
  A white imp (D:4)
  An ooze (D:3)
  An adder skeleton (D:5)
  2 worms (D:2)
  7 giant geckos
  29 orcs
  6 giant cockroaches
  6 goblins
  6 hobgoblins
  7 jackals
  14 kobolds
  6 quokkas
  2 ball pythons (Sewer)
  8 bats
  A giant gecko skeleton (D:5)
  A giant gecko zombie (D:7)
  8 giant newts
  A goblin skeleton (D:4)
  2 hobgoblin zombies (D:4)
  2 jackal skeletons
  A jackal zombie (D:6)
  3 kobold skeletons (D:4)
  An orc zombie (D:4)
  5 rats
  A fungus (Sewer)
200 creatures vanquished.

Vanquished Creatures (others)
  A slave (D:7)
  5 sheep (D:3)
6 creatures vanquished.

Grand Total: 206 creatures vanquished

Notes
Turn   | Place    | Note
--------------------------------------------------------------
     0 | D:1      | CountDeLaPain the Minotaur Fighter began the quest for the Orb.
     0 | D:1      | Reached XP level 1. HP: 19/19 MP: 0/0
   266 | D:1      | Reached XP level 2. HP: 27/27 MP: 1/1
   604 | D:2      | Reached skill level 4 in Shields
   787 | D:2      | Reached XP level 3. HP: 33/33 MP: 2/2
   894 | D:2      | Found a stormy altar of Qazlal.
   920 | D:2      | Became a worshipper of Qazlal Stormbringer
  1271 | D:2      | Reached skill level 1 in Dodging
  1311 | D:2      | Noticed Ijyb
  1322 | D:2      | Killed Ijyb
  1322 | D:2      | Reached XP level 4. HP: 38/40 MP: 3/3
  1334 | D:2      | You fall through a shaft!
  1638 | D:2      | Reached XP level 5. HP: 41/46 MP: 4/4
  1647 | D:2      | Reached skill level 5 in Shields
  2056 | D:3      | Found a shimmering altar of Xom.
  2301 | D:4      | Found an iron altar of Okawaru.
  2333 | D:4      | Reached skill level 5 in Armour
  2333 | D:4      | Reached skill level 1 in Invocations
  2333 | D:4      | Reached XP level 6. HP: 40/53 MP: 5/5
  2447 | D:4      | Reached * piety under Qazlal
  2463 | D:4      | Found a glowing drain.
  2467 | Sewer    | Entered a sewer
  2809 | D:4      | Found an ancient bone altar of Kikubaaqudgha.
  2948 | D:4      | Reached XP level 7. HP: 59/60 MP: 7/7
  2980 | D:4      | Reached skill level 6 in Shields
  3037 | D:4      | Reached ** piety under Qazlal
  3161 | D:4      | Reached skill level 5 in Fighting
  3423 | D:4      | Found a glowing golden altar of the Shining One.
  3714 | D:4      | Found an oddly glowing altar of Pakellas.
  3715 | D:4      | Found a sacrificial altar of Ru.
  3862 | D:5      | Entered Level 5 of the Dungeon
  3961 | D:5      | Reached skill level 7 in Shields
  3990 | D:5      | Reached XP level 8. HP: 66/68 MP: 9/9
  4502 | D:5      | Found a snail-covered altar of Cheibriados.
  4822 | D:6      | Reached *** piety under Qazlal
  4948 | D:6      | Found a shadowy altar of Dithmenos.
  5019 | D:6      | Reached skill level 5 in Axes
  5220 | D:6      | Found a staircase to the Ecumenical Temple.
  5329 | D:6      | Reached skill level 8 in Shields
  5425 | D:6      | Reached skill level 1 in Maces & Flails
  5492 | D:6      | Reached skill level 5 in Invocations
  5604 | D:6      | Reached XP level 9. HP: 54/75 MP: 11/11
  5819 | D:7      | Noticed Pikel
  5985 | D:7      | Killed Pikel
  5985 | D:7      | Reached skill level 9 in Shields
  6129 | D:7      | Noticed Duvessa
  6130 | D:7      | Noticed Dowan
  6132 | D:7      | Killed Duvessa
  6137 | D:7      | Killed Dowan
  6561 | D:7      | Found a blossoming altar of Fedhas.
  6659 | D:7      | Got a crude leather armour
  6705 | D:7      | Noticed Crazy Yiuf
  6724 | D:7      | Killed Crazy Yiuf
  6891 | D:7      | Slain by an orc warrior

Skill      XL: |  1  2  3  4  5  6  7  8  9 |
---------------+----------------------------+-----
Armour         | 4 5 6 7 8 |  8.1
Shields        | 4 5 7 8 9 |  9.8
Fighting       | 4 5 6 |  6.6
Dodging        | 1 2 3 |  3.4
Axes           | 3 4 5 |  5.1
Invocations    | 1 3 5 6 |  6.0
Maces & Flails | 1 3 |  3.6

Action                   |  1- 3 |  4- 6 |  7- 9 || total
-------------------------+-------+-------+-------++-------
Melee: War axe           |    96 |   121 |   145 ||   362
       Headbutt          |    16 |    20 |    76 ||   112
       Flail             |       |       |   240 ||   240
Invok: Upheaval          |       |       |     6 ||     6
  Use: Scroll            |     1 |     5 |     4 ||    10
  Eat: Chunk             |     1 |     6 |    13 ||    20
Armor: Scale mail        |    30 |     1 |       ||    31
       Plate armour      |       |   132 |   143 ||   275
Dodge: Dodged            |    41 |    42 |    77 ||   160
Block: Shield            |    60 |   127 |   318 ||   505
